AoeStats
← Thanathoz130

Arabian Desert

510630660Analyzed
1v1 RM · 1d ago on Oct 1, 2026· 23m 2s· 2 players
Game mode
Random Map
Map size
Tiny (2 player)
Population
200
Speed
Normal
Resources
Standard
Victory
Conquest
Starting age
Dark Age
Ending age
Imperial Age
RankedLock teamsTeams togetherTeam positionsShared explorationLock speedFull tech treeHidden civsTurbo modeCheats
Victory
Defeat
🇲🇽 Cumans · Mexico
1349
+14
🇲🇽 Wei · Mexico
1304
-14
Juannoesminombrexd
7:53 Loom
10:04 Feudal Age
10:34 Double-Bit Axe
10:33 Horse Collar
11:41 Gold Mining
11:41 Stone Mining
15:16 Wheelbarrow
15:22 Man-at-Arms
22:07 Fletching
Thanathoz130
5:16 Loom
10:03 Feudal Age
10:29 Double-Bit Axe
11:45 Fletching
13:45 Padded Archer Armor
Connection lost

Rejoining the realm…

Still unreachable

The connection could not be restored.

Session expired

The server has moved on; the page needs a fresh start.